 Dungeon Crawl Stone Soup version 0.17-a0-1910-g4c791fa (webtiles) character file.

10874 4thArraOfDagon the Martial Artist (level 11, 0/84 HPs)
             Began as a Vampire Monk on Sept 25, 2015.
             Was an Elder of Cheibriados.
             Slain by an orc
             ... wielding a +0 hand axe
              (7 damage)
             ... on level 2 of the Orcish Mines.
             The game lasted 00:32:46 (4809 turns).

4thArraOfDagon the Martial Artist (Vampire Monk)    Turns: 4809, Time: 00:32:46

Health: 0/84       AC: 14    Str: 20    XL:     11   Next: 41%
Magic:  17/17      EV: 23    Int: 27    God:    Cheibriados [****..]
Gold:   88         SH:  0    Dex: 33    Spells: 0 memorised, 10 levels left

rFire  . . .     SeeInvis +       - Unarmed
rCold  . . .     Clarity  .     a - +5 leather armour of Jeumitsi {rF- Regen+ Dex+3 Stlth-}
rNeg   . . .     SustAt   .     (no shield)
rPois  .         Gourm    .     c - +2 hat
rElec  .         Spirit   .     H - +0 cloak of Kid Tirato {rCorr} (curse)
rCorr  +         Warding  .     i - +2 pair of gloves
rMut   .         Stasis   .     (no boots)
MR     +....                    (no amulet)
Stlth  +++.......               C - ring of protection from fire
                                E - +4 ring of dexterity

@: lethally poisoned (0 -> 0), regenerating very quickly, very slow, somewhat
resistant to hostile enchantments, fairly stealthy
A: fangs 3, see invisible, unbreathing
a: Bend Time, Temporal Distortion, Slouch, Renounce Religion


You were on level 2 of the Orcish Mines.
You worshipped Cheibriados.
Cheibriados was greatly pleased with you.
You were almost alive.

You visited 3 branches of the dungeon, and saw 16 of its levels.
You also visited: Ossuary.

You collected 732 gold pieces.
You spent 644 gold pieces at shops.

Inventory:

Hand weapons
 D - the +4 morningstar of Charity {vamp, rF+ MR- Dex+6}
   (You found it on level 8 of the Dungeon)

   It inflicts no extra harm, but heals its wielder somewhat when it strikes a
   living foe.
   It affects your dexterity (+6).
   It protects you from fire.
   It affects your resistance to hostile enchantments.
Armour
 a - the +5 leather armour of Jeumitsi (worn) {rF- Regen+ Dex+3 Stlth-}
   (You bought it in a shop on level 11 of the Dungeon)

   It affects your dexterity (+3).
   It makes you vulnerable to fire.
   It increases your rate of regeneration.
   It makes you less stealthy.
 c - a +2 hat (worn)
 d - a cursed +0 leather armour
 i - a +2 pair of gloves (worn)
 s - a +4 ring mail
 H - the cursed +0 cloak of Kid Tirato (worn) {rCorr}
   (You bought it in a shop on level 2 of the Orcish Mines)

   It protects you from acid and corrosion.
   It has a curse placed upon it.
Rods
 r - a +3 iron rod (11/11)
   (You found it on level 6 of the Dungeon)
Jewellery
 w - an uncursed ring of wizardry
 x - an uncursed ring of poison resistance
 C - a ring of protection from fire (right hand)
 E - a +4 ring of dexterity (left hand)
 F - an uncursed ring of teleportation
Magical devices
 e - a wand of cold (0)
 g - a wand of lightning (0)
 y - a wand of cold (0)
Scrolls
 b - a scroll of remove curse
 j - a scroll of enchant weapon
 p - a scroll of fog
 u - 2 scrolls of recharging
 v - 2 scrolls of teleportation
 G - a scroll of enchant armour {unknown}
Potions
 f - 2 potions of haste
 h - 2 potions of flight
 k - 3 potions of heal wounds
 l - 3 potions of invisibility
 m - a potion of agility
 n - a potion of resistance
 q - a potion of berserk rage {unknown}
 t - 2 potions of lignification {unknown}
 z - a potion of ambrosia
 A - 18 potions of blood
 B - 4 potions of curing {unknown}


   Skills:
 + Level 7.2 Fighting
 + Level 8.9 Dodging
 - Level 3.0 Stealth
 * Level 12.1 Unarmed Combat
 * Level 8.5 Invocations
 - Level 4.2 Evocations


You had 10 spell levels left.
You didn't know any spells.

Dungeon Overview and Level Annotations

Branches:
Dungeon (14/15)            Temple (1/1) D:6            Lair (0/8) D:10
    Orc (2/4) D:11
 Vaults: D:13-14

Altars:
Ashenzari
Cheibriados
Dithmenos
Elyvilon
Fedhas
Kikubaaqudgha
Makhleb
Nemelex Xobeh
Okawaru
Qazlal
Ru
Vehumet
Xom
Yredelemnul
The Shining One

Shops:
D:11 %[}=   Orc:2 [

Annotations:
D:3 Crazy Yiuf; graki42's ghost, average MiFi
D:8 Zebura's ghost, experienced VSAs
D:12 graki42's ghost, powerful MiFi
Orc:2 Gastronok


Innate Abilities, Weirdness & Mutations

Your natural rate of healing is extremely fast.
You have razor-sharp teeth.
You have supernaturally acute eyesight.
You can survive without breathing.


Message History

The orc barely misses you. The orc hits you but does no damage.
The orc misses you.
You punch Gastronok! You punch Gastronok.
Gastronok is heavily wounded.
The orc misses you.
Gastronok waves his eye-stalks in wide circles.
The air twists around and strikes you! The orc misses you.
The orc hits you but does no damage.
You punch Gastronok!
Gastronok is heavily wounded.
The orc completely misses you.
You hit Gastronok.
Gastronok is heavily wounded.
You feel sick. The orc completely misses you. The orc hits you with a hand axe.
You hit Gastronok but do no damage.
Gastronok is heavily wounded.
The orc barely misses you. The orc misses you. Gastronok bites you!!
* * * LOW HITPOINT WARNING * * *
The orc hits you with a hand axe!
You die...

#.......####....#
#........# ....#
#.....#.## ....>
#.#.[[#### ..
###.[.[).# .
#......##..
##.........
#ooo.....#
##@w......#
####.....# ..#.##
#####


You could see Gastronok and 3 orcs.

Vanquished Creatures
  Snorg (D:12)
  2 unseen horrors
  4 hill giants
  2 ugly things (D:12)
  3 cyclopes
  A centaur skeleton (D:12)
  A gargoyle (D:10)
  4 two-headed ogres
  A deep elf fighter (D:12)
  3 yaks (D:11)
  A hippogriff (D:7)
  Menkaure (D:5)
  A sky beast (D:13)
  3 orc warriors
  4 slaves (D:6)
  2 ice beasts
  2 centaurs
  3 phantoms
  A wasp (D:12)
  5 ogres
  A crocodile (D:10)
  2 giant frogs
  2 water moccasin zombies (Ossuary)
  A scorpion (D:6)
  5 killer bees (D:11)
  2 wights (D:7)
  A crimson imp (D:5)
  A quasit (D:7)
  A jelly (D:6)
  5 hounds
  3 orc priests
  10 orc wizards
  4 worker ants
  4 sheep
  4 big kobold zombies (Ossuary)
  2 mummies (Ossuary)
  5 adders
  A river rat (D:10)
  A shadow imp (D:12)
  An ooze (D:2)
  2 adder skeletons (D:5)
  5 adder zombies (Ossuary)
  A worm (D:3)
  52 orcs
  5 giant cockroaches
  3 gnoll zombies (Ossuary)
  4 goblins (D:2)
  4 hobgoblins
  5 kobolds
  3 quokkas (D:3)
  A ball python (D:3)
  6 bats
  3 giant geckos
  3 giant newts
  3 hobgoblin zombies (Ossuary)
  3 kobold zombies (Ossuary)
  8 orc zombies (Ossuary)
  A quokka skeleton (D:5)
  9 rats
222 creatures vanquished.

Notes
Turn   | Place    | Note
--------------------------------------------------------------
     0 | D:1      | 4thArraOfDagon the Vampire Monk began the quest for the Orb.
     0 | D:1      | Reached XP level 1. HP: 17/17 MP: 1/1
   242 | D:2      | Reached XP level 2. HP: 13/23 MP: 2/2
   501 | D:3      | Noticed graki42's ghost (average MiFi)
   609 | D:3      | Noticed Crazy Yiuf
   641 | D:3      | Reached skill level 5 in Unarmed Combat
   647 | D:3      | Reached XP level 3. HP: 23/28 MP: 3/3
   783 | D:5      | Entered Level 5 of the Dungeon
   792 | D:5      | Noticed a phantom
   854 | D:5      | Reached XP level 4. HP: 14/35 MP: 4/4
   996 | D:6      | Found a sand-covered staircase.
  1003 | Ossuary  | Entered an ossuary
  1033 | Ossuary  | Reached XP level 5. HP: 41/41 MP: 5/5
  1045 | Ossuary  | Reached skill level 6 in Unarmed Combat
  1146 | Ossuary  | Reached XP level 6. HP: 29/48 MP: 6/6
  1264 | Ossuary  | Reached skill level 5 in Dodging
  1331 | D:6      | Noticed a slave
  1364 | D:6      | Killed a slave
  1380 | D:6      | Found a shadowy altar of Dithmenos.
  1511 | D:7      | Reached skill level 7 in Unarmed Combat
  1612 | D:6      | Noticed a giant frog
  1627 | D:6      | Killed a giant frog
  1667 | D:6      | Found a staircase to the Ecumenical Temple.
  1674 | Temple   | Entered the Ecumenical Temple
  1694 | Temple   | Became a worshipper of Cheibriados the Contemplative
  1694 | Temple   | Acquired Cheibriados's first power
  1714 | Temple   | Reached XP level 7. HP: 49/54 MP: 7/7
  1762 | D:5      | Noticed Menkaure
  1769 | D:5      | Killed Menkaure
  1769 | D:5      | Reached skill level 1 in Invocations
  1780 | D:4      | Found a burning altar of Makhleb.
  1848 | D:4      | Noticed an ogre
  1856 | D:4      | Killed an ogre
  1856 | D:4      | Reached skill level 1 in Evocations
  2063 | D:3      | Identified a scroll of acquirement
  2070 | D:3      | :(
  2098 | D:3      | :(
  2102 | D:3      | :(
  2150 | D:2      | Acquired Cheibriados's second power
  2157 | D:2      | You fall through a shaft for 2 floors!
  2216 | D:5      | Noticed an ice beast
  2234 | D:5      | Killed an ice beast
  2298 | D:5      | Found an iron altar of Okawaru.
  2306 | D:5      | Found a basalt altar of Yredelemnul.
  2442 | D:5      | Killed a phantom
  2442 | D:5      | Reached skill level 8 in Unarmed Combat
  2442 | D:5      | Reached XP level 8. HP: 61/61 MP: 8/10
  2517 | D:5      | Found a shattered altar of Ashenzari.
  2517 | D:5      | Found a glowing golden altar of the Shining One.
  2522 | D:6      | Noticed a slave
  2522 | D:6      | Noticed a slave
  2522 | D:6      | Noticed a slave
  2539 | D:6      | Killed a slave
  2559 | D:6      | Killed a slave
  2573 | D:6      | Killed a slave
  2629 | D:6      | Noticed an ogre
  2635 | D:6      | Killed an ogre
  2775 | D:7      | Reached skill level 5 in Fighting
  2870 | D:8      | Got an encrusted morningstar
  2871 | D:8      | Identified the +4 morningstar of Charity {vamp, rF+ MR- Dex+6} (You found it on level 8 of the Dungeon)
  2872 | D:8      | :(
  2904 | D:7      | Acquired Cheibriados's third power
  2951 | D:8      | Noticed Zebura's ghost (experienced VSAs)
  2990 | D:8      | You fall through a shaft for 2 floors!
  2990 | D:10     | Entered Level 10 of the Dungeon
  3006 | D:10     | Reached XP level 9. HP: 68/68 MP: 12/12
  3011 | D:10     | Noticed a hill giant
  3023 | D:10     | Killed a hill giant
  3023 | D:10     | Reached skill level 9 in Unarmed Combat
  3031 | D:10     | Found a staircase to the Lair.
  3031 | D:10     | Noticed a gargoyle
  3046 | D:10     | Killed a gargoyle
  3046 | D:10     | Reached skill level 5 in Invocations
  3102 | D:10     | Noticed an unseen horror
  3115 | D:10     | Killed an unseen horror
  3168 | D:11     | Reached skill level 10 in Unarmed Combat
  3204 | D:11     | Reached XP level 10. HP: 76/76 MP: 14/14
  3286 | D:11     | Found Tyrotzyg's Gadget Boutique.
  3302 | D:11     | Found Jouvas's Jewellery Emporium.
  3330 | D:11     | Bought a cursed ring of teleportation for 217 gold pieces
  3357 | D:10     | Acquired Cheibriados's fourth power
  3360 | D:10     | Noticed a guardian serpent
  3374 | D:11     | Found Yluyro's Antique Armour Emporium.
  3378 | D:11     | Bought a transparent leather armour for 161 gold pieces
  3378 | D:11     | Identified the +5 leather armour of Jeumitsi {rF- Regen+ Dex+3 Stlth-} (You bought it in a shop on level 11 of the Dungeon)
  3429 | D:11     | Found a staircase to the Orcish Mines.
  3445 | D:11     | Noticed a cyclops
  3454 | D:11     | Killed a cyclops
  3507 | D:11     | Found Suyj's Food Emporium.
  3564 | D:12     | Noticed a hill giant
  3575 | D:12     | Killed a hill giant
  3681 | D:12     | Noticed Snorg
  3765 | D:12     | Reached skill level 11 in Unarmed Combat
  3863 | D:11     | Noticed a hill giant
  3876 | D:11     | Killed a hill giant
  3923 | D:12     | Noticed an unseen horror
  3946 | D:12     | Killed an unseen horror
  3971 | D:12     | Noticed a hill giant
  3978 | D:12     | Killed a hill giant
  4012 | D:12     | Noticed a white ugly thing
  4025 | D:12     | Killed a white ugly thing
  4025 | D:12     | Reached XP level 11. HP: 83/83 MP: 5/16
  4051 | D:12     | Noticed a cyan ugly thing
  4056 | D:12     | Killed a cyan ugly thing
  4097 | D:12     | Noticed graki42's ghost (powerful MiFi)
  4279 | D:13     | HP: 2/84 [freezing wraith (9)]
  4341 | D:13     | Noticed a vault guard
  4341 | D:13     | Noticed a vault guard
  4461 | D:12     | Killed Snorg
  4461 | D:12     | Reached skill level 12 in Unarmed Combat
  4548 | Orc:1    | Entered Level 1 of the Orcish Mines
  4644 | Orc:2    | Found Lees's Antique Armour Shop.
  4700 | Orc:2    | Bought a polished cloak for 266 gold pieces
  4710 | Orc:2    | Identified the cursed +0 cloak of Kid Tirato {rCorr} (You bought it in a shop on level 2 of the Orcish Mines)
  4711 | Orc:2    | free slime rune
  4711 | Orc:2    | wow
  4796 | Orc:1    | Noticed Gastronok
  4809 | Orc:2    | Slain by an orc

Vault maps used:
D:1:      tarquinn_simple_flora_water_a, dk_noncrumbling_3,
          kennysheep_decorative_pillar
D:2:      first_bread, makhleb_altar_promises_db, uniq_terence
D:3:      hangedman_feature_mirror, nemelex_spade_bored_becter,
          uniq_crazy_yiuf_cottage
D:4:      lemuel_doored_altar
D:5:      nicolae_overflow_hidden_temple, uniq_menkaure
D:6:      grunt_dithmenos_smoke, minmay_temple_entry_nine_rooms,
          lightli_ossuary_entry_decrepit_ruins, kennysheep_generic_room_13,
          uniq_pikel
D:7:      forest_paths
D:8:      minmay_misc_feat_room, uniq_grum
D:10:     nrook_guardian_serpent_snake_passage, due_lair_maze_entry_diamond,
          serial_shops, nicolae_shop_stone
D:11:     david_orc_2, serial_shops, nicolae_shop_behind_doors, shop,
          nicolae_shop_stone, shop
D:12:     grunt_pizzeria, uniq_snorg
D:13:     erik_vaults_2, serial_shops, nicolae_shop_behind_doors
D:14:     minmay_goldmine, basic_altar
Temple:   circular_temple_12
Orc:1:    basic_altar, uniq_gastronok
Orc:2:    serial_shops, nicolae_shop_overgrown_old_shop
Ossuary:  ossuary_tomb_2

Action                   |  1- 3 |  4- 6 |  7- 9 | 10-12 || total
-------------------------+-------+-------+-------+-------++-------
Melee: Unarmed           |   130 |   263 |   372 |   286 ||  1051
Throw: Tomahawk          |       |     1 |     7 |     6 ||    14
Invok: Bend Time         |       |       |     2 |     2 ||     4
       Slouch            |       |       |       |     3 ||     3
       Temporal Distorti |       |       |       |     5 ||     5
Evoke: Rod               |       |       |     1 |     2 ||     3
       Wand              |       |       |       |     4 ||     4
  Use: Scroll            |     3 |     5 |     7 |     4 ||    19
       Potion            |     3 |     1 |     1 |       ||     5
 Stab: Sleeping          |     6 |       |       |     4 ||    10
  Eat: Corpse            |     9 |     4 |    10 |    11 ||    34
